 Dungeon Crawl Stone Soup version 0.20-a0-1122-gb7cbeb9 (webtiles) character file.

887 Ijustatesigmund the Conjurer (level 7, 51/51 HPs)
             Began as a Black Draconian Conjurer on May 10, 2017.
             Was an Initiate of Vehumet.
             Quit the game on level 6 of the Dungeon on May 11, 2017.
             The game lasted 00:19:03 (5007 turns).

Ijustatesigmund the Conjurer (DrCj)                 Turns: 5007, Time: 00:19:04

Health: 51/51      AC: 13    Str: 10    XL:     7   Next: 77%
Magic:  11/11      EV: 13    Int: 16    God:    Vehumet [......]
Gold:   266        SH:  0    Dex: 17    Spells: 3/13 levels left

rFire    . . .     SeeInvis .   h - +0 whip
rCold    . . .     Gourm    .   (no shield)
rNeg     . . .     Faith    .   (armour unavailable)
rPois    .         Spirit   .   (helmet restricted)
rElec    +         Reflect  .   k - +2 cloak
rCorr    .         Harm     .   (no gloves)
MR       .....                  (no boots)
Stlth    ++........             (no amulet)
Regen    0.2/turn               i - +2 ring of dexterity
MPRegen  0.2/turn               g - +4 ring of protection

@: no status effects
A: breathe lightning, unfitting armour, hooves 1, agile 1, frail 1, low mp 1,
electricity resistance, cold-blooded, AC +6
a: Breathe Lightning, Renounce Religion


You were on level 6 of the Dungeon.
You worshipped Vehumet.
Vehumet was noncommittal.
You were not hungry.

You visited 2 branches of the dungeon, and saw 7 of its levels.

You collected 266 gold pieces.

Inventory:

Hand Weapons
 h - a +0 whip (weapon)
 j - a +3 quarterstaff of chaos
Missiles
 v - 2 javelins of returning (quivered)
Armour
 k - a +2 cloak (worn)
Jewellery
 g - a +4 ring of protection (right hand)
 i - a +2 ring of dexterity (left hand)
 s - a +3 ring of strength {unknown}
Wands
 t - a wand of random effects (35/48)
 w - a wand of disintegration (1/24)
 x - a wand of digging (12/24)
Scrolls
 e - a scroll of remove curse
 m - a scroll of teleportation
 q - 3 scrolls of enchant armour
Potions
 c - a potion of invisibility
 f - a potion of brilliance {unknown}
 l - 4 potions of curing
 n - 2 potions of flight {unknown}
 o - 2 potions of berserk rage {unknown}
 p - a potion of lignification {unknown}
 z - a potion of heal wounds {unknown}
Books
 a - a book of Conjurations

   Spells                             Type                      Level
   a - Magic Dart                     Conjuration                  1
   b - Searing Ray                    Conjuration                  2
   c - Dazzling Spray                 Conjuration/Hexes            3
   d - Fulminant Prism                Conjuration/Hexes            4
   e - Force Lance                    Conjuration/Translocation    4
   f - Iskenderun's Mystic Blast      Conjuration                  4
Comestibles
 b - 2 bread rations
 r - 3 fruits


   Skills:
 - Level 3.0 Fighting
 + Level 2.9 Dodging
 - Level 1.7 Stealth
 - Level 3.5 Spellcasting
 + Level 6.4 Conjurations
 + Level 4.4 Hexes


You had 3 spell levels left.
You knew the following spells:

 Your Spells              Type           Power        Failure   Level  Hunger
a - Magic Dart            Conj           ###.         1%          1    None
b - Searing Ray           Conj           ###...       1%          2    ##.....
c - Dazzling Spray        Conj/Hex       ###...       5%          3    ###....
d - Iskenderun's Mystic   Conj           ###.....     13%         4    ####...


Dungeon Overview and Level Annotations

Branches:
Dungeon (6/15)             Temple (1/1) D:5

Altars:
Ashenzari
Cheibriados
Dithmenos
Elyvilon
Fedhas
Gozag
Hepliaklqana
Kikubaaqudgha
Makhleb
Okawaru
Qazlal
Ru
Sif Muna
Trog
Uskayaw
Vehumet
Wu Jian
Xom
Yredelemnul
Zin
The Shining One

Annotations:
D:4 Eustachio, Menkaure


Innate Abilities, Weirdness & Mutations

You can breathe wild blasts of lightning.
Your glossy black scales are hard. (AC +6)
You cannot fit into any form of body armour.
You are resistant to electric shocks. (rElec)
You are cold-blooded and may be slowed by cold attacks.
You have large cloven feet.
You are agile. (Dex +2)
You are frail. (-10% HP)
Your magical capacity is low. (-10% MP)


Message History

The scroll dissolves into smoke.
It was a scroll of fog.
Done exploring.
(D) Dungeon (T) Temple
Where to? (Enter - D:5, ? - help)
There is a stone staircase leading down here.
You climb downwards.
Found a scroll of identify, 10 gold pieces and 18 arrows.
There is a stone staircase leading up here.
Okay, then.
u - a scroll of identify
As you read the scroll of identify, it crumbles to dust.
d - a potion of mutation You feel extremely strange.
You feel agile.
You feel less energetic.
You feel frail.
Your feet thicken and deform.
Saving game... please wait.
Welcome back, Ijustatesigmund the Black Draconian Conjurer.
Vehumet says: Let it end in hellfire!
Press ? for a list of commands and other information.
Are you sure you want to abandon this character and quit the game? (Confirm with "yes".)

# .# ##
..#
+.#####..#
+........#
+.@......#
#...<....#
###.###..#
#.# .# ...
#.$.+
#..## #..#
#.(


There were no monsters in sight!

Vanquished Creatures
  A phantom (D:5)
  2 ogres
  A scorpion (D:4)
  A howler monkey (D:5)
  A crimson imp (D:5)
  A centaur zombie (D:5)
  2 hounds
  An orc priest (D:5)
  A bullfrog skeleton (D:4)
  3 orc wizards
  Crazy Yiuf (D:2)
  An iguana (D:5)
  Natasha (twice) (D:3)
  3 gnolls (D:5)
  4 adders
  2 shadow imps (D:5)
  An ooze (D:1)
  An adder skeleton (D:4)
  3 worms
  2 dart slugs
  3 leopard geckos
  4 orcs
  8 bats
  6 giant cockroaches
  7 goblins
  6 hobgoblins
  6 jackals
  5 kobolds
  2 quokkas (D:5)
  2 ball pythons (D:1)
  6 frilled lizards
  6 rats
95 creatures vanquished.

Notes
Turn   | Place    | Note
-------+----------+-------------------------------------------
     0 | D:1      | Ijustatesigmund the Draconian Conjurer began the quest for the Orb.
     0 | D:1      | Reached XP level 1. HP: 14/14 MP: 3/3
   169 | D:1      | Reached skill level 1 in Fighting
   333 | D:1      | Reached XP level 2. HP: 23/23 MP: 0/5
   337 | D:1      | Learned a level 2 spell: Searing Ray
  1084 | D:1      | Reached XP level 3. HP: 29/29 MP: 0/7
  1257 | D:2      | Found a shadowy altar of Dithmenos.
  1258 | D:2      | Found a hazy altar of Hepliaklqana.
  1279 | D:2      | Found a burning altar of Makhleb.
  1775 | D:2      | Found a runed door.
  1779 | D:2      | Noticed Crazy Yiuf
  1785 | D:2      | Killed Crazy Yiuf
  1785 | D:2      | Reached XP level 4. HP: 37/37 MP: 3/9
  2210 | D:3      | Learned a level 3 spell: Dazzling Spray
  2215 | D:3      | Learned a level 4 spell: Iskenderun's Mystic Blast
  2488 | D:3      | Noticed Natasha
  2491 | D:3      | Killed Natasha
  2491 | D:3      | Reached skill level 1 in Hexes
  2491 | D:3      | Reached XP level 5. HP: 45/45 MP: 10/10
  2669 | D:3      | Noticed Natasha
  2673 | D:3      | Killed Natasha
  2798 | D:4      | Found a stormy altar of Qazlal.
  2900 | D:4      | Noticed an ogre
  2910 | D:4      | Killed an ogre
  2910 | D:4      | Reached skill level 5 in Conjurations
  2910 | D:4      | Reached XP level 6. HP: 44/51 MP: 1/11
  3172 | D:4      | Noticed Menkaure
  3180 | D:4      | Noticed Eustachio
  3266 | D:5      | Entered Level 5 of the Dungeon
  3379 | D:5      | Found a staircase to the Ecumenical Temple.
  3418 | Temple   | Entered the Ecumenical Temple
  3556 | Temple   | Became a worshipper of Vehumet
  3596 | D:5      | Your scales start taking on a glossy black colour.
  3596 | D:5      | Reached XP level 7. HP: 52/57 MP: 2/12
  3596 | D:5      | Gained mutation: You are resistant to electric shocks. (rElec) [Black Draconian growth]
  4100 | D:5      | Reached skill level 6 in Conjurations
  4954 | D:5      | Found a bloodstained altar of Trog.
  5006 | D:6      | Gained mutation: You are agile. (Dex +2) [potion of mutation]
  5006 | D:6      | Gained mutation: Your magical capacity is low. (-10% MP) [potion of mutation]
  5006 | D:6      | Gained mutation: You are frail. (-10% HP) [potion of mutation]
  5006 | D:6      | Gained mutation: You have large cloven feet. [potion of mutation]
  5007 | D:6      | Upgraded the game from 0.20-a0-1121-gbb42413 to 0.20-a0-1122-gb7cbeb9
  5007 | D:6      | Quit the game

Vault maps used:
D:1:      mrwooster_arrival_statue_3
D:2:      gammafunk_temple_overflow_forgotten, first_bread, minmay_bisected,
          uniq_crazy_yiuf_cottage
D:3:      kennysheep_minor_cross, kennysheep_generic_room_3, uniq_natasha
D:4:      grunt_qazlal_clouds, nemelex_xobeh_ov_fountains_minmay, uniq_sigmund,
          uniq_eustachio, uniq_menkaure
D:5:      lemuel_coloured_pillars_altar, minmay_temple_entry_statues_pillars
D:6:      kennysheep_cluttered_room
Temple:   nicolae_temple_elliptical

Skill      XL: |  1  2  3  4  5  6  7 |
---------------+----------------------+-----
Fighting       | 1 2 3 |  3.0
Spellcasting   | 3 |  3.5
Hexes          | 1 2 3 4 |  4.4
Conjurations   | 5 6 |  6.4
Dodging        | 2 |  2.9
Stealth        | |  1.7

Action                   |  1- 3 |  4- 6 |  7- 9 || total
-------------------------+-------+-------+-------++-------
Melee: Unarmed           |    36 |       |       ||    36
       Tailslap          |     7 |     2 |     4 ||    13
       Whip              |    29 |    53 |    49 ||   131
Throw: Javelin           |       |     5 |     4 ||     9
 Cast: Magic Dart        |    75 |   104 |    62 ||   241
       Searing Ray       |     1 |     1 |     4 ||     6
       Iskenderun's Myst |       |       |     1 ||     1
       Dazzling Spray    |       |       |     1 ||     1
Evoke: Wand              |       |       |     2 ||     2
  Use: Scroll            |     4 |     7 |     4 ||    15
       Potion            |       |     1 |     1 ||     2
 Stab: Sleeping          |     1 |       |       ||     1
  Eat: Chunk             |     3 |     5 |     5 ||    13
       Fruit             |       |     1 |       ||     1
Armor: Skin              |    29 |    22 |    27 ||    78
Dodge: Dodged            |    63 |    50 |    42 ||   155
